 Dungeon Crawl Stone Soup version 0.21-a0-88-g13b9641 (webtiles) character file.

12505 MatthieuS the Arsonist (level 11, -2/95 HPs)
             Began as a Red Draconian Fire Elementalist on June 26, 2017.
             Was a High Priest of Sif Muna.
             Splashed by an oklob plant's acid (18 damage)
             ... on level 1 of the Lair of Beasts.
             The game lasted 00:58:40 (14415 turns).

MatthieuS the Arsonist (DrFE)                      Turns: 14415, Time: 00:58:42

Health: -2/95      AC:  5    Str: 10    XL:     11   Next: 63%
Magic:  23/39      EV: 15    Int: 23    God:    Sif Muna [*****.]
Gold:   591        SH:  0    Dex: 11    Spells: 4/28 levels left

rFire    + . .     SeeInvis .   e - staff of power
rCold    . . .     Gourm    .   (no shield)
rNeg     . . .     Faith    +   (armour unavailable)
rPois    .         Spirit   .   (helmet restricted)
rElec    .         Reflect  .   H - +0 cloak
rCorr    .         Harm     .   c - +0 pair of gloves
MR       +....                  (no boots)
Stlth    ++........             B - amulet of faith
HPRegen  0.25/turn              t - ring of protection from magic
MPRegen  0.26/turn              N - +3 ring of intelligence

@: corroded
A: breathe fire, unfitting armour, fire resistance 1, cold-blooded, AC +7
a: Breathe Fire, Divine Energy, Channel Magic, Forget Spell, Renounce Religion


You were on level 1 of the Lair of Beasts.
You worshipped Sif Muna.
Sif Muna was extremely pleased with you.
You were not hungry.

You visited 2 branches of the dungeon, and saw 11 of its levels.

You collected 591 gold pieces.

Inventory:

Hand Weapons
 a - the +11 spear of Taqyaph {elec, rPois MR+ Dex+4}
   (You found it on level 10 of the Dungeon)

   Occasionally, upon striking a foe, it will discharge some electrical energy
   and cause terrible harm.
   It affects your dexterity (+4).
   It protects you from poison.
   It affects your resistance to hostile enchantments.
 n - a +0 blowgun
Missiles
 p - 4 needles of sleeping
 s - 23 poisoned needles
Armour
 c - a +0 pair of gloves (worn)
 q - the +3 hat of Pondering {ponderous, MR+ MP+10 Int+5}
   (You took it off Gastronok on level 10 of the Dungeon)

   It affects your intelligence (+5).
   It affects your resistance to hostile enchantments.
   It affects your magic capacity (+10).
 H - a +0 cloak (worn)
 L - a scarf of spirit shield
Magical Staves
 e - an uncursed staff of power (weapon)
Jewellery
 t - a ring of protection from magic (left hand)
 B - an amulet of faith (around neck)
 N - a +3 ring of intelligence (right hand)
Wands
 d - a wand of flame (5/48)
 f - a wand of flame (28/48)
 r - a wand of random effects (8/48)
 z - a wand of paralysis (23/24)
 I - a wand of paralysis (12/24)
Scrolls
 j - 4 scrolls of remove curse
 l - 2 scrolls of amnesia
 v - 6 scrolls of teleportation
 w - a scroll of blinking
 y - a scroll of noise {unknown}
 D - 5 scrolls of magic mapping
 F - a scroll of fear
Potions
 k - 5 potions of curing
 o - a potion of heal wounds {unknown}
 u - 2 potions of cancellation
 x - 2 potions of flight
 A - 2 potions of might
 G - a potion of berserk rage {unknown}
Books
 h - a book of Flames

   Spells                             Type                      Level
   a - Flame Tongue                   Conjuration/Fire             1
   b - Throw Flame                    Conjuration/Fire             2
   c - Conjure Flame                  Conjuration/Fire             3
   d - Inner Flame                    Hexes/Fire                   3
   e - Sticky Flame                   Conjuration/Fire             4
   f - Fireball                       Conjuration/Fire             5
 C - a book of Minor Magic

   Spells                             Type                      Level
   a - Magic Dart                     Conjuration                  1
   b - Blink                          Translocation                2
   c - Call Imp                       Summoning                    2
   d - Slow                           Hexes                        2
   e - Conjure Flame                  Conjuration/Fire             3
   f - Mephitic Cloud                 Conjuration/Poison/Air       3
 E - a book of Maledictions

   Spells                             Type                      Level
   a - Corona                         Hexes                        1
   b - Ensorcelled Hibernation        Hexes/Ice                    2
   c - Confuse                        Hexes                        3
   d - Tukima's Dance                 Hexes                        3
   e - Dazzling Spray                 Conjuration/Hexes            3
 J - Sif Muna's Handbook of the Glacier and Clay
   (Sif Muna gifted it to you on level 9 of the Dungeon)

   Spells                             Type                      Level
   a - Sandblast                      Earth                        1
   b - Ozocubu's Armour               Charms/Ice                   3
   c - Iron Shot                      Conjuration/Earth            6
   d - Lehudib's Crystal Spear        Conjuration/Earth            8
Miscellaneous
 g - a crystal ball of energy
 K - a sack of spiders
Comestibles
 b - 3 bread rations
 i - 7 royal jellies
 m - 2 meat rations
 M - 6 fruits


   Skills:
 * Level 8.9 Fighting
 - Level 1.7 Polearms
   Level 1.2 Slings
 * Level 6.2 Dodging
 - Level 2.3 Stealth
 - Level 9.0 Spellcasting
 - Level 7.1 Conjurations
 - Level 4.0 Hexes
 - Level 10.1 Fire Magic
 * Level 2.6 Poison Magic


You had 4 spell levels left.
You knew the following spells:

 Your Spells              Type           Power        Failure   Level  Hunger
a - Flame Tongue          Conj/Fire      #####        1%          1    None
b - Throw Flame           Conj/Fire      ######       1%          2    None
c - Conjure Flame         Conj/Fire      ######..     1%          3    None
d - Inner Flame           Hex/Fire       #####...     1%          3    None
e - Sticky Flame          Conj/Fire      ######..     1%          4    ##.....
f - Fireball              Conj/Fire      ######....   4%          5    ####...
g - Confuse               Hex            ####....     3%          3    None
h - Mephitic Cloud        Conj/Pois/Air  ####....     4%          3    None


Dungeon Overview and Level Annotations

Branches:
Dungeon (10/15)            Temple (0/1) D:6            Lair (1/6) D:10
    Orc: D:9-12

Altars:
Kikubaaqudgha
Nemelex Xobeh
Qazlal
Sif Muna
Yredelemnul
The Shining One

Shops:
D:4 [

Annotations:
Lair:1 exclusion: oklob plant


Innate Abilities, Weirdness & Mutations

You can breathe blasts of fire.
Your fiery red scales are hard. (AC +7)
You cannot fit into any form of body armour.
Your flesh is heat resistant. (rF+)
You are cold-blooded and may be slowed by cold attacks.


Message History

The puff of flame hits the oklob plant.
The oklob plant is almost destroyed.
The oklob plant spits acid at you. The splash of acid hits you!
You are splashed with acid!
The acid burns!
The oklob plant spits acid at you. The splash of acid hits you!
You are splashed with acid!
The acid burns!
* * * LOW HITPOINT WARNING * * *
Casting: Throw Flame
Confirm with . or Enter, or press ? or * to list all spells.
Aiming: Throw Flame
Press: ? - help, Shift-Dir - straight line, f/p - oklob plant
Aim: an oklob plant (almost destroyed)
The puff of flame hits the oklob plant.
You destroy the oklob plant!
Sif Muna accepts your kill. The oklob plant spits acid at you.
The splash of acid hits you!
* * * LOW HITPOINT WARNING * * *
The acid corrodes you!
You are splashed with acid!
The acid burns!
You die...

# #. #.### #### ##
###..#. ..##.# ..
.......#+##..#.######
..# .....#.....#..P...)?
... #...⌠......P.)$?.
...## ##.....#..@.......
....###....####...P...$P
##.......#.# ##..P...(.
#....⌠...### ##.######
#...=....# ## ##.⌠...⌠.#
##.......# .#...⌠...#
.#.......###


You could see an oklob plant.

Vanquished Creatures
  Gastronok (D:10)
  2 two-headed ogres
  Erica (D:8)
  3 oklob plants (Lair:1)
  Maurice (D:8)
  Joseph (D:10)
  A centaur skeleton (D:10)
  A hornet (D:9)
  3 hippogriffs
  A wraith (D:10)
  A wyvern (D:9)
  Grum (D:8)
  6 water moccasins
  2 porcupines (Lair:1)
  2 ice beasts
  3 sky beasts
  5 orc warriors
  6 ogres
  3 black bears
  2 wolves (D:8)
  3 centaurs
  A crocodile (Lair:1)
  2 big kobolds
  A gnoll sergeant (D:10)
  3 bullfrogs
  A wyvern zombie (D:7)
  A scorpion (D:9)
  8 wights (D:6)
  6 howler monkeys
  5 crimson imps
  A centaur zombie (D:9)
  2 quasits
  A bullfrog zombie (D:5)
  3 orc priests
  A jelly (D:4)
  9 orc wizards
  5 hounds
  A bullfrog skeleton (D:7)
  Natasha (thrice) (D:2)
  9 iguanas
  7 worker ants
  A hound zombie (D:7)
  2 howler monkey skeletons
  8 adders
  8 gnolls
  2 shadow imps
  2 adder zombies
  A dart slug (D:2)
  4 leopard geckos
  26 orcs
  2 bats
  5 giant cockroaches
  7 goblins
  8 hobgoblins
  16 jackals
  15 kobolds
  9 quokkas
  A ball python (D:2)
  A ball python skeleton (D:4)
  7 frilled lizards
  A quokka skeleton (D:4)
  12 rats
  A spectral orc (D:4)
  2 plants
260 creatures vanquished.

Vanquished Creatures (others)
  A wolf (D:8)
  2 plants (D:10)
3 creatures vanquished.

Grand Total: 263 creatures vanquished

Notes
Turn   | Place    | Note
-------+----------+-------------------------------------------
     0 | D:1      | MatthieuS the Draconian Fire Elementalist began the quest for the Orb.
     0 | D:1      | Reached XP level 1. HP: 14/14 MP: 3/3
   489 | D:1      | Reached XP level 2. HP: 19/20 MP: 1/5
   815 | D:1      | Learned a level 2 spell: Throw Flame
  1062 | D:2      | Reached skill level 1 in Fighting
  1062 | D:2      | Reached skill level 1 in Slings
  1062 | D:2      | Reached XP level 3. HP: 17/28 MP: 0/6
  1564 | D:2      | Learned a level 3 spell: Conjure Flame
  1651 | D:2      | Found a deep blue altar of Sif Muna.
  1655 | D:2      | Became a worshipper of Sif Muna the Loreminder
  1854 | D:2      | Noticed Natasha
  2051 | D:2      | Reached XP level 4. HP: 35/35 MP: 7/7
  2069 | D:2      | Killed Natasha
  2358 | D:2      | Noticed Natasha
  2367 | D:2      | Killed Natasha
  2381 | D:2      | Noticed Natasha
  2387 | D:2      | Killed Natasha
  2387 | D:2      | Reached XP level 5. HP: 25/41 MP: 6/9
  2587 | D:3      | Learned a level 3 spell: Inner Flame
  2820 | D:3      | Noticed an ogre
  2870 | D:3      | Killed an ogre
  3165 | D:3      | Reached skill level 4 in Fire Magic
  3165 | D:3      | Reached XP level 6. HP: 48/50 MP: 7/10
  3427 | D:4      | Found Koaroih's Armour Shop.
  3763 | D:4      | Reached * piety under Sif Muna
  3961 | D:4      | Found a stormy altar of Qazlal.
  4511 | D:4      | Found a basalt altar of Yredelemnul.
  4586 | D:4      | Your scales start taking on a fiery red colour.
  4586 | D:4      | Reached skill level 5 in Fire Magic
  4586 | D:4      | Reached XP level 7. HP: 58/58 MP: 12/12
  4586 | D:4      | Gained mutation: Your flesh is heat resistant. (rF+) [Red Draconian growth]
  5042 | D:4      | Learned a level 4 spell: Sticky Flame
  5124 | D:5      | Entered Level 5 of the Dungeon
  5124 | D:5      | Found a glowing golden altar of the Shining One.
  5124 | D:5      | Noticed a two-headed ogre
  5875 | D:5      | Killed a two-headed ogre
  5875 | D:5      | Reached ** piety under Sif Muna
  5875 | D:5      | Reached skill level 5 in Fighting
  5875 | D:5      | Reached skill level 5 in Spellcasting
  5875 | D:5      | Reached skill level 6 in Fire Magic
  5875 | D:5      | Reached XP level 8. HP: 10/68 MP: 10/15
  6178 | D:5      | Reached skill level 7 in Fire Magic
  6512 | D:6      | Reached skill level 5 in Conjurations
  6691 | D:6      | Reached XP level 9. HP: 66/74 MP: 11/17
  7197 | D:6      | Reached *** piety under Sif Muna
  7210 | D:6      | Found a staircase to the Ecumenical Temple.
  7232 | D:6      | Learned a level 5 spell: Fireball
  8254 | D:7      | Reached skill level 8 in Fire Magic
  8601 | D:7      | Reached **** piety under Sif Muna
  8965 | D:7      | Found a glowing golden altar of the Shining One.
  9146 | D:8      | Noticed Erica
  9147 | D:8      | Noticed Grum
  9155 | D:8      | Killed Erica
  9155 | D:8      | Reached XP level 10. HP: 23/84 MP: 17/21
  9340 | D:8      | Reached skill level 9 in Fire Magic
  9479 | D:8      | Noticed a two-headed ogre
  9497 | D:8      | Killed a two-headed ogre
  9679 | D:8      | Killed Grum
  9980 | D:8      | Noticed Maurice
  9991 | D:8      | Killed Maurice
  9991 | D:8      | Reached ***** piety under Sif Muna
 10265 | D:8      | Found a sparkling altar of Nemelex Xobeh.
 10267 | D:8      | Found an ancient bone altar of Kikubaaqudgha.
 11060 | D:9      | Reached skill level 10 in Fire Magic
 11323 | D:9      | Learned a level 3 spell: Confuse
 11427 | D:9      | Reached skill level 1 in Hexes
 11436 | D:9      | Identified Sif Muna's Handbook of the Glacier and Clay (Sif Muna gifted it to you on level 9 of the Dungeon)
 11436 | D:9      | Received a gift from Sif Muna
 11926 | D:10     | Entered Level 10 of the Dungeon
 11956 | D:10     | Reached skill level 5 in Dodging
 12049 | D:10     | Found a staircase to the Lair.
 12177 | D:10     | Reached XP level 11. HP: 94/94 MP: 23/23
 12273 | D:10     | Got an iridescent spear
 12290 | D:10     | Identified the +11 spear of Taqyaph {elec, rPois MR+ Dex+4} (You found it on level 10 of the Dungeon)
 12357 | D:10     | Noticed Joseph
 12364 | D:10     | Killed Joseph
 12365 | D:10     | Noticed Gastronok
 12406 | D:10     | Killed Gastronok
 12406 | D:10     | Reached skill level 1 in Polearms
 13202 | Lair:1   | Entered Level 1 of the Lair of Beasts
 13218 | Lair:1   | Learned a level 3 spell: Mephitic Cloud
 13517 | Lair:1   | Reached skill level 1 in Poison Magic
 13961 | Lair:1   | Noticed an oklob plant
 14089 | Lair:1   | Killed an oklob plant
 14092 | Lair:1   | Noticed an oklob plant
 14216 | Lair:1   | Killed an oklob plant
 14406 | Lair:1   | Noticed an oklob plant
 14406 | Lair:1   | Noticed an oklob plant
 14415 | Lair:1   | Killed an oklob plant
 14415 | Lair:1   | Splashed by an oklob plant's acid

Vault maps used:
D:1:      dpeg_arrival_water_temple_mockup
D:2:      wad_pebble_path, marbit_many_paths, uniq_natasha
D:3:      minmay_cupped
D:4:      yredelemnul_forgotten_temple_becter, grunt_qazlal_clouds,
          serial_shops, shop
D:5:      basic_altar, first_bread
D:6:      minmay_temple_entry_overgrown
D:7:      tso_altar
D:8:      gammafunk_temple_overflow_pools, uniq_grum, uniq_erica, uniq_maurice
D:10:     dpeg_oklobed_lair, uniq_joseph, uniq_gastronok
Lair:1:   beast_lair_carwin_large_2, lemuel_centaur_altar, grunt_megastairs_4,
          lemuel_fruit_fields, minmay_lair_oklob_chamber

Skill      XL: |  1  2  3  4  5  6  7  8  9 10 11 |
---------------+----------------------------------+-----
Dodging        | 2 3 4 5 6 |  6.2
Fighting       | 1 2 3 5 6 8 |  8.9
Slings         | 1 |  1.2
Spellcasting   | 3 5 7 8 9 |  9.0
Stealth        | 2 |  2.3
Fire Magic     | 4 5 6 7 8 10 | 10.1
Conjurations   | 2 4 5 6 7 |  7.1
Hexes          | 1 4 |  4.0
Polearms       | 1 |  1.7
Poison Magic   | 2 |  2.6

Action                   |  1- 3 |  4- 6 |  7- 9 | 10-12 || total
-------------------------+-------+-------+-------+-------++-------
Melee: Unarmed           |    18 |       |       |       ||    18
       Dagger            |    18 |       |       |       ||    18
       Tailslap          |     2 |     1 |     4 |     6 ||    13
       Short sword       |       |     6 |    72 |     6 ||    84
       Spear             |       |       |       |    17 ||    17
 Fire: Hunting sling     |    76 |   173 |    74 |       ||   323
       Blowgun           |       |     9 |    14 |       ||    23
Throw: Stone             |     4 |       |       |       ||     4
 Cast: Flame Tongue      |    26 |    45 |   171 |   134 ||   376
       Throw Flame       |       |     5 |    47 |   184 ||   236
       Conjure Flame     |       |     1 |     9 |    12 ||    22
       Inner Flame       |       |       |     3 |     4 ||     7
       Fireball          |       |       |       |    23 ||    23
       Confuse           |       |       |       |     2 ||     2
 Abil: Breathe Fire      |       |       |     5 |       ||     5
Evoke: Wand              |       |       |       |     1 ||     1
  Use: Scroll            |       |     3 |     7 |     3 ||    13
       Potion            |       |       |     3 |     2 ||     5
 Stab: Distracted        |       |       |       |     1 ||     1
       Invisible         |       |       |       |     1 ||     1
  Eat: Chunk             |     4 |     8 |     9 |    12 ||    33
       Fruit             |       |       |     2 |     3 ||     5
       Royal jelly       |       |       |     2 |       ||     2
       Meat ration       |       |       |       |     1 ||     1
       Bread ration      |       |       |       |     1 ||     1
Armor: Skin              |    40 |    30 |    65 |    32 ||   167
Dodge: Dodged            |    70 |    80 |   123 |    74 ||   347
